ITL
TUSCALOOSA TROUT SLAYERS @ TRENTON STARS
07/17/2029
 
TOP OF THE 1ST
Tuscaloosa Trout Slayers batting - Pitching for Trenton Stars : LHP Keith Hill
Pitching: LHP Keith Hill
Batting: RHB José Ortega 0-0: Called Strike
0-1: Ball
1-1: Ball
2-1: Foul Ball, location: 2F
2-2: Ball
3-2: Foul Ball, location: 2F
3-2: Strikes out swinging
Batting: RHB Jason Saunders 0-0: Ball
1-0: Ball
2-0: Ball
3-0: Called Strike
3-1: Called Strike
3-2: Foul Ball, location: 2F
3-2: Base on Balls
Batting: RHB Jason Erickson 0-0: Ball
1-0: Foul Ball, location: 2F
1-1: Called Strike
1-2: Hit by Pitch
Jason Saunders to second
Batting: RHB Shigemasa Ishida 0-0: Ball
1-0: Foul Ball, location: 2F
1-1: SINGLE (Flyball, 9S)
Jason Saunders to third
Jason Erickson to second
Runner from 3rd tries for Home, SAFE, no throw
Batting: RHB José Fernández 0-0: Called Strike
0-1: Called Strike
0-2: Ball
1-2: Ball
2-2: Strikes out swinging
Batting: RHB Kyle O'Day 0-0: Ball
1-0: Called Strike
1-1: SINGLE (Flyball, 7S)
Jason Erickson to third
Shigemasa Ishida to second
Batting: RHB Alfredo Díaz 0-0: Foul Ball, location: 2F
0-1: Ball
1-1: Fielders Choice at 2nd, 6-4 (Groundball, 56)
Top of the 1st over - 1 run, 2 hits, 0 errors, 3 left on base; Tuscaloosa 1 - Trenton 0
BOTTOM OF THE 1ST
Trenton Stars batting - Pitching for Tuscaloosa Trout Slayers : RHP Rafael Ramírez
Pitching: RHP Rafael Ramírez
Batting: RHB George Reeves 0-0: Ball
1-0: Called Strike
1-1: Swinging Strike
1-2: Ground out 6-3 (Groundball, 6)
Batting: RHB Tony Long 0-0: Called Strike
0-1: Called Strike
0-2: Strikes out looking
Batting: LHB Frank Jackson 0-0: Fly out, F6 (Popup, 6S)
Bottom of the 1st over - 0 runs, 0 hits, 0 errors, 0 left on base; Tuscaloosa 1 - Trenton 0
TOP OF THE 2ND
Tuscaloosa Trout Slayers batting - Pitching for Trenton Stars : LHP Keith Hill
Batting: RHB Juan Reyes 0-0: DOUBLE (Line Drive, 78XD)
Batting: RHB Lynn Ford 0-0: Ground out 4-3 (Groundball, 4)
Juan Reyes to third
Batting: RHB José Ortega 0-0: Swinging Strike
0-1: Swinging Strike
0-2: Ground out 4-3 (Groundball, 4S)
Juan Reyes scores
Batting: RHB Jason Saunders 0-0: Foul Ball, location: 2F
0-1: Foul Ball, location: 2F
0-2: Strikes out looking
Top of the 2nd over - 1 run, 1 hit, 0 errors, 0 left on base; Tuscaloosa 2 - Trenton 0
BOTTOM OF THE 2ND
Trenton Stars batting - Pitching for Tuscaloosa Trout Slayers : RHP Rafael Ramírez
Batting: RHB Ken McDonald 0-0: Ball
1-0: Ball
2-0: Foul Ball, location: 2F
2-1: Called Strike
2-2: Foul Ball, location: 2F
2-2: Ground out 5-3 (Groundball, 56)
Batting: LHB Gabriel Aragón 0-0: Ball
1-0: Ball
2-0: Called Strike
2-1: Ball
3-1: Base on Balls
Batting: RHB Randy Simons 0-0: Foul Ball, location: 2F
0-1: Ball
1-1: Ball
2-1: Ball
3-1: Foul Ball, location: 2F
3-2: Base on Balls
Gabriel Aragón to second
Batting: RHB Emílio Bruno 0-0: Foul Ball, location: 2F
0-1: Ball
1-1: Ball
2-1: Swinging Strike
2-2: Ball
3-2: Fly out, F8 (Line Drive, 8RD)
Batting: RHB Yaichiro Sugahara 0-0: DOUBLE (Line Drive, 78D)
Gabriel Aragón scores
Randy Simons to third
Batting: LHB Paco Córdova 0-0: Ground out 4-3 (Groundball, 4M)
Bottom of the 2nd over - 1 run, 1 hit, 0 errors, 2 left on base; Tuscaloosa 2 - Trenton 1
TOP OF THE 3RD
Tuscaloosa Trout Slayers batting - Pitching for Trenton Stars : LHP Keith Hill
Batting: RHB Jason Erickson 0-0: Fly out, F9 (Line Drive, 9)
Batting: RHB Shigemasa Ishida 0-0: Ball
1-0: Swinging Strike
1-1: Foul Ball, location: 2F
1-2: Ball
2-2: Strikes out swinging
Batting: RHB José Fernández 0-0: Fly out, F8 (Line Drive, 8LD)
Top of the 3rd over - 0 runs, 0 hits, 0 errors, 0 left on base; Tuscaloosa 2 - Trenton 1
BOTTOM OF THE 3RD
Trenton Stars batting - Pitching for Tuscaloosa Trout Slayers : RHP Rafael Ramírez
Batting: RHB George Reeves 0-0: Ball
1-0: Swinging Strike
1-1: Called Strike
1-2: Foul Ball, location: 2F
1-2: SINGLE (Groundball, 4MS) (infield hit)
Batting: RHB Tony Long 0-0: Called Strike
George Reeves steals 2nd base
0-1: Ball
1-1: Ball
2-1: Ball
3-1: Base on Balls
Batting: LHB Frank Jackson 0-0: Ball
1-0: Fielders Choice at 2nd, 6-4 (Groundball, 6)
George Reeves to third
Batting: RHB Ken McDonald 0-0: Grounds into double play, 6-4-3 (Groundball, 6)
Bottom of the 3rd over - 0 runs, 1 hit, 0 errors, 1 left on base; Tuscaloosa 2 - Trenton 1
TOP OF THE 4TH
Tuscaloosa Trout Slayers batting - Pitching for Trenton Stars : LHP Keith Hill
Batting: RHB Kyle O'Day 0-0: Fly out, F7 (Flyball, 78S)
Batting: RHB Alfredo Díaz 0-0: Ball
1-0: Swinging Strike
1-1: Swinging Strike
1-2: Ball
2-2: Ball
3-2: Foul Ball, location: 2F
3-2: Fly out, F8 (Flyball, 8LM)
Batting: RHB Juan Reyes 0-0: Ball
1-0: Ball
2-0: Ball
3-0: Called Strike
3-1: Called Strike
3-2: Base on Balls
Batting: RHB Lynn Ford 0-0: Called Strike
0-1: Called Strike
0-2: Foul Ball, location: 2F
0-2: Foul Ball, location: 2F
0-2: Foul Ball, location: 2F
0-2: Ball
1-2: Ball
2-2: Strikes out swinging
Top of the 4th over - 0 runs, 0 hits, 0 errors, 1 left on base; Tuscaloosa 2 - Trenton 1
BOTTOM OF THE 4TH
Trenton Stars batting - Pitching for Tuscaloosa Trout Slayers : RHP Rafael Ramírez
Batting: LHB Gabriel Aragón 0-0: Ball
1-0: Ball
2-0: Swinging Strike
2-1: Ball
3-1: Foul Ball, location: 2F
3-2: Base on Balls
Batting: RHB Randy Simons 0-0: Ball
1-0: Ball
2-0: Called Strike
2-1: Foul Ball, location: 2F
2-2: Ball
3-2: Base on Balls
Gabriel Aragón to second
Batting: RHB Emílio Bruno 0-0: Called Strike
0-1: Foul Ball, location: 2F
0-2: Ball
1-2: Strikes out swinging
Batting: RHB Yaichiro Sugahara 0-0: Ball
1-0: Called Strike
1-1: Ball
2-1: Foul Ball, location: 2F
2-2: Ball
3-2: 3-RUN HOME RUN (Flyball, 7LD), Distance : 360 ft
Batting: LHB Paco Córdova 0-0: Called Strike
0-1: Ball
1-1: Swinging Strike
1-2: DOUBLE (Line Drive, 7LD)
Batting: RHB George Reeves 0-0: Ball
1-0: Swinging Strike
1-1: Ground out 4-3 (Groundball, 4)
Paco Córdova to third
Batting: RHB Tony Long 0-0: Ball
1-0: Foul Ball, location: 2F
1-1: Foul Ball, location: 2F
1-2: Foul Ball, location: 2F
1-2: Foul Ball, location: 2F
1-2: Ball
2-2: Ball
3-2: Ground out 6-3 (Groundball, 6)
Bottom of the 4th over - 3 runs, 2 hits, 0 errors, 1 left on base; Tuscaloosa 2 - Trenton 4
TOP OF THE 5TH
Tuscaloosa Trout Slayers batting - Pitching for Trenton Stars : LHP Keith Hill
Batting: RHB José Ortega 0-0: Ball
1-0: Called Strike
1-1: Ground out 4-3 (Groundball, 4)
Batting: RHB Jason Saunders 0-0: Fly out, F7 (Line Drive, 7)
Batting: RHB Jason Erickson 0-0: SINGLE (Line Drive, 6D)
Batting: RHB Shigemasa Ishida 0-0: Ball
1-0: Ball
2-0: Called Strike
2-1: Called Strike
2-2: Ground out 4-3 (Groundball, 34)
Top of the 5th over - 0 runs, 1 hit, 0 errors, 1 left on base; Tuscaloosa 2 - Trenton 4
BOTTOM OF THE 5TH
Trenton Stars batting - Pitching for Tuscaloosa Trout Slayers : RHP Rafael Ramírez
Batting: LHB Frank Jackson 0-0: Ball
1-0: Ball
2-0: Foul Ball, location: 2F
2-1: Ball
3-1: Swinging Strike
3-2: Base on Balls
Batting: RHB Ken McDonald 0-0: Ball
1-0: Ball
Frank Jackson steals 2nd base
2-0: Ball
3-0: Base on Balls
Batting: LHB Gabriel Aragón 0-0: Ball
1-0: Ball
2-0: Ball
3-0: Called Strike
3-1: Called Strike
3-2: Base on Balls
Frank Jackson to third
Ken McDonald to second
Batting: RHB Randy Simons 0-0: Swinging Strike
0-1: Called Strike
0-2: Strikes out looking
Batting: RHB Emílio Bruno 0-0: Ball
1-0: Called Strike
1-1: Ball
2-1: Foul Ball, location: 2F
2-2: Ball
3-2: Base on Balls
Frank Jackson scores
Ken McDonald to third
Gabriel Aragón to second
Batting: RHB Yaichiro Sugahara 0-0: Foul Ball, location: 2F
0-1: Called Strike
0-2: Ball
1-2: Ball
2-2: Fly out, F4 (Popup, 4M)
Batting: LHB Paco Córdova 0-0: Ball
1-0: Foul Ball, location: 2F
1-1: Foul Ball, location: 2F
1-2: Ball
2-2: Foul Ball, location: 2F
2-2: Strikes out swinging
Bottom of the 5th over - 1 run, 0 hits, 0 errors, 3 left on base; Tuscaloosa 2 - Trenton 5
TOP OF THE 6TH
Tuscaloosa Trout Slayers batting - Pitching for Trenton Stars : LHP Keith Hill
Batting: RHB José Fernández 0-0: Ball
1-0: Swinging Strike
1-1: Ball
2-1: Called Strike
2-2: Ball
3-2: Fly out, F7 (Flyball, 78S)
Batting: RHB Kyle O'Day 0-0: Foul Ball, location: 2F
0-1: DOUBLE (Line Drive, 7LM)
Batting: RHB Alfredo Díaz 0-0: Called Strike
0-1: Swinging Strike
0-2: Ball
1-2: Fly out, F9 (Flyball, 9)
Batting: RHB Juan Reyes 0-0: Swinging Strike
0-1: Foul Ball, location: 2F
0-2: Foul Ball, location: 2F
0-2: Ball
1-2: Strikes out looking
Top of the 6th over - 0 runs, 1 hit, 0 errors, 1 left on base; Tuscaloosa 2 - Trenton 5
BOTTOM OF THE 6TH
Trenton Stars batting - Pitching for Tuscaloosa Trout Slayers : RHP Rafael Ramírez
Pitching: RHP Tim Lyons
Batting: RHB George Reeves 0-0: Called Strike
0-1: Ball
1-1: Ball
2-1: Foul Ball, location: 2F
2-2: Ball
3-2: Base on Balls
Batting: RHB Tony Long 0-0: Ball
1-0: Ball
2-0: Fly out, F7 (Flyball, 7S)
Batting: LHB Frank Jackson 0-0: Ball
George Reeves is caught stealing 2nd base
1-0: Foul Ball, location: 2F
1-1: Ball
2-1: Ball
3-1: Base on Balls
Batting: RHB Ken McDonald 0-0: Called Strike
0-1: Ball
1-1: Ball
2-1: Foul Ball, location: 2F
2-2: Strikes out swinging
Bottom of the 6th over - 0 runs, 0 hits, 0 errors, 1 left on base; Tuscaloosa 2 - Trenton 5
TOP OF THE 7TH
Tuscaloosa Trout Slayers batting - Pitching for Trenton Stars : LHP Keith Hill
Pitching: LHP Pedro Orozco
Batting: RHB Lynn Ford 0-0: Called Strike
0-1: SINGLE (Groundball, 6MD)
Batting: RHB José Ortega 0-0: Ball
1-0: Ball
2-0: Ball
3-0: Base on Balls
Lynn Ford to second
Batting: RHB Jason Saunders 0-0: Ball
1-0: SINGLE (Flyball, 9S)
Lynn Ford to third
José Ortega to second
Batting: RHB Jason Erickson 0-0: Foul Ball, location: 2F
0-1: Ball
1-1: Ball
2-1: Ball
3-1: Foul Ball, location: 2F
3-2: Base on Balls
Lynn Ford scores
José Ortega to third
Jason Saunders to second
Batting: RHB Shigemasa Ishida 0-0: Foul Ball, location: 2F
0-1: Ball
1-1: Foul Ball, location: 2F
1-2: Foul Ball, location: 2F
1-2: Foul Ball, location: 2F
1-2: Ball
2-2: Ball
3-2: Foul Ball, location: 2F
3-2: Foul Ball, location: 2F
3-2: Base on Balls
José Ortega scores
Jason Saunders to third
Jason Erickson to second
Pitching: RHP Nariaki Tanaka
Batting: RHB José Fernández 0-0: Called Strike
0-1: Swinging Strike
0-2: Ball
1-2: Foul Ball, location: 2F
1-2: Strikes out swinging
Pinch Hitting: LHB Ed Hart 0-0: Called Strike
0-1: SINGLE (Flyball, 89S)
Jason Saunders scores
Jason Erickson to third
Shigemasa Ishida to second
Runner from 3rd tries for Home, SAFE, no throw
Batting: RHB Alfredo Díaz 0-0: Foul Ball, location: 2F
0-1: Ball
1-1: Swinging Strike
1-2: Strikes out swinging
Pinch Hitting: LHB Miguel Rosa 0-0: Ball
1-0: Called Strike
1-1: Ball
2-1: Foul Ball, location: 2F
2-2: Strikes out swinging
Top of the 7th over - 4 runs, 3 hits, 0 errors, 2 left on base; Tuscaloosa 6 - Trenton 5
BOTTOM OF THE 7TH
Trenton Stars batting - Pitching for Tuscaloosa Trout Slayers : RHP Tim Lyons
Pitching: LHP Mike Scott
Now at 3B: Iván Moreno
Now in LF: Ed Hart
Batting: LHB Gabriel Aragón 0-0: Ground out U3 (Groundball, 3)
Pitching: RHP Víctor Viña
Batting: RHB Randy Simons 0-0: Ball
1-0: Ball
2-0: Called Strike
2-1: Ground out 5-3 (Groundball, 56S)
Batting: RHB Emílio Bruno 0-0: Ball
1-0: Called Strike
1-1: SINGLE (Groundball, 6) (infield hit)
Batting: RHB Yaichiro Sugahara 0-0: Ball
1-0: Ball
2-0: Called Strike
2-1: SINGLE (Groundball, 56S) (infield hit)
Emílio Bruno to second
Batting: LHB Paco Córdova 0-0: Ball
1-0: Ball
2-0: Ball
3-0: Called Strike
3-1: Called Strike
3-2: Base on Balls
Emílio Bruno to third
Yaichiro Sugahara to second
Batting: RHB George Reeves 0-0: Reached on error, E1 (Groundball, P)
Emílio Bruno scores
Yaichiro Sugahara scores
Paco Córdova to third
Batting: RHB Tony Long 0-0: Foul Ball, location: 2F
0-1: Ball
1-1: Foul Ball, location: 2F
1-2: Strikes out swinging
Bottom of the 7th over - 2 runs, 2 hits, 1 error, 2 left on base; Tuscaloosa 6 - Trenton 7
TOP OF THE 8TH
Tuscaloosa Trout Slayers batting - Pitching for Trenton Stars : RHP Nariaki Tanaka
Now at SS: Aaron Washington
Batting: RHB Lynn Ford 0-0: Ball
1-0: Called Strike
1-1: Swinging Strike
1-2: Strikes out swinging
Batting: RHB José Ortega 0-0: Ball
1-0: Fly out, F7 (Line Drive, 78D)
Batting: RHB Jason Saunders 0-0: Called Strike
0-1: Called Strike
0-2: Foul Ball, location: 2F
0-2: Ball
1-2: Ball
2-2: Strikes out swinging
Top of the 8th over - 0 runs, 0 hits, 0 errors, 0 left on base; Tuscaloosa 6 - Trenton 7
BOTTOM OF THE 8TH
Trenton Stars batting - Pitching for Tuscaloosa Trout Slayers : RHP Víctor Viña
Batting: LHB Frank Jackson 0-0: Ball
1-0: Ball
2-0: Called Strike
2-1: Ball
3-1: Base on Balls
Batting: RHB Ken McDonald 0-0: Ball
Frank Jackson is caught stealing 2nd base
1-0: Called Strike
1-1: Swinging Strike
1-2: SOLO HOME RUN (Flyball, 7LD), Distance : 357 ft
Pitching: RHP Matt McGinnity
Batting: LHB Gabriel Aragón 0-0: Ball
1-0: Foul Ball, location: 2F
1-1: Called Strike
1-2: Foul Ball, location: 2F
1-2: SOLO HOME RUN (Line Drive, 7LD), Distance : 360 ft
Batting: RHB Randy Simons 0-0: Reached on error, E1 (Groundball, 15S)
Batting: RHB Emílio Bruno 0-0: Ball
1-0: Ball
2-0: Ball
Wild Pitch!
Randy Simons to third
3-0: Called Strike
3-1: Reached on error, E3 (Groundball, 3)
Randy Simons scores
Batting: RHB Yaichiro Sugahara 0-0: Ball
1-0: Swinging Strike
1-1: SINGLE (Line Drive, 56D)
Emílio Bruno to second
Batting: LHB Paco Córdova 0-0: Ball
1-0: SINGLE (Flyball, 7S)
Emílio Bruno to third
Yaichiro Sugahara to second
Runner from 3rd tries for Home, SAFE, no throw
Batting: RHB Aaron Washington 0-0: Ground out 5-3 (Groundball, 56S)
Yaichiro Sugahara to third
Paco Córdova to second
Batting: RHB Tony Long 0-0: Swinging Strike
0-1: Foul Ball, location: 2F
0-2: Foul Ball, location: 2F
0-2: Ball
1-2: Strikes out swinging
Bottom of the 8th over - 4 runs, 4 hits, 2 errors, 2 left on base; Tuscaloosa 6 - Trenton 11
TOP OF THE 9TH
Tuscaloosa Trout Slayers batting - Pitching for Trenton Stars : RHP Nariaki Tanaka
Now at 1B: Tom Waller
Batting: RHB Jason Erickson 0-0: Fly out, F6 (Line Drive, 6)
Batting: RHB Shigemasa Ishida 0-0: Ball
1-0: Swinging Strike
1-1: Swinging Strike
1-2: Ball
2-2: Fly out, F9 (Flyball, 9LM)
Batting: RHB José Fernández 0-0: Foul Ball, location: 2F
0-1: SOLO HOME RUN (Flyball, 7LD), Distance : 349 ft
Batting: LHB Ed Hart 0-0: Ball
1-0: Ball
2-0: Ball
3-0: Called Strike
3-1: Foul Ball, location: 2F
3-2: Base on Balls
Batting: RHB Alfredo Díaz 0-0: Swinging Strike
0-1: Foul Ball, location: 2F
0-2: Ball
1-2: Foul Ball, location: 2F
1-2: Ground out 6-3 (Groundball, 6D)
Top of the 9th over - 1 run, 1 hit, 0 errors, 1 left on base; Tuscaloosa 7 - Trenton 11
Saturday, December 16th, 2017 - OOTP Baseball 18.8 Build 76